 Dungeon Crawl Stone Soup version 0.18.1-6-gd335043 (webtiles) character file.

13384 Chiseanne the Nimble (level 12, -4/77 HPs)
             Began as a Gargoyle Wanderer on May 17, 2016.
             Was a High Priest of Dithmenos.
             Killed from afar by a frost giant (18 damage)
             ... with a bolt of cold
             ... on level 13 of the Dungeon.
             The game lasted 00:50:34 (13350 turns).

Chiseanne the Nimble (Gargoyle Wanderer)           Turns: 13350, Time: 00:50:34

Health: -4/77      AC: 22    Str: 20    XL:     12   Next: 5%
Magic:  17/17      EV: 18    Int: 13    God:    Dithmenos [*****.]
Gold:   342        SH:  5    Dex: 17    Spells: 3 memorised, 6 levels left

rFire  + . .     SeeInvis .     a - +3 short sword (elec)
rCold  + . .     Gourm    .     I - +3 ring mail of Eniynt {Str+3 Dex+4}
rNeg   + . .     Faith    .     q - +0 buckler
rPois  ∞         Spirit   .     y - +0 helmet
rElec  +         Dismiss  .     h - +0 cloak
rCorr  +         Reflect  .     (no gloves)
SustAt .         Harm     .     o - +2 pair of boots {Fly}
MR     .....                    (no amulet)
Stlth  ++++++++..               N - ring of resist corrosion
                                P - ring of stealth

@: resistant, flying, wreathed by umbra, not resistant to hostile enchantments,
extraordinarily stealthy
A: blink, negative energy resistance 1, electricity resistance, unbreathing,
petrification resistance, rot immunity, AC +8
a: Blink, Shadow Step, Shadow Form, Renounce Religion, Stop Flying


You were on level 13 of the Dungeon.
You worshipped Dithmenos.
Dithmenos was extremely pleased with you.
You were not hungry.

You visited 1 branch of the dungeon, and saw 13 of its levels.
You also visited: Labyrinth and Sewer.

You collected 747 gold pieces.
You spent 405 gold pieces at shops.

Inventory:

Hand Weapons
 a - a +3 short sword of electrocution (weapon)
 e - a +2 hand crossbow
 m - a +0 falchion of holy wrath
 r - a +0 hunting sling
 s - a +6 broad axe of chopping
 w - a +0 blowgun
 M - a +0 dagger of venom
Missiles
 k - 76 sling bullets
 l - 61 poisoned needles
 A - 41 stones (quivered)
 G - 4 curare-tipped needles
 R - 19 bolts
Armour
 h - a +0 cloak (worn)
 o - a +2 pair of boots of flying (worn)
 q - a +0 buckler (worn)
 y - a +0 helmet (worn)
 I - the +3 ring mail of Eniynt (worn) {Str+3 Dex+4}
   (You bought it in a shop on level 5 of the Dungeon)

   It affects your strength (+3).
   It affects your dexterity (+4).
 Q - a +0 large shield
Jewellery
 N - a ring of resist corrosion (right hand)
 P - a ring of stealth (left hand)
Wands
 b - a wand of lightning (10/15)
Scrolls
 c - 2 scrolls of enchant armour
 i - a scroll of teleportation
 p - 9 scrolls of remove curse
 z - 4 scrolls of amnesia
 C - 2 scrolls of recharging
 E - 3 scrolls of fog
 H - a scroll of identify
 S - a scroll of enchant weapon
Potions
 d - 12 potions of curing
 f - 4 potions of might
 t - 4 potions of flight
 D - 5 potions of heal wounds
 F - a potion of invisibility
 L - a potion of ambrosia
Books
 n - a book of Conjurations

   Spells                             Type                      Level
   a - Magic Dart                     Conjuration                  1
   b - Searing Ray                    Conjuration                  2
   c - Dazzling Spray                 Conjuration/Hexes            3
   d - Fulminant Prism                Conjuration/Hexes            4
   e - Iskenderun's Mystic Blast      Conjuration                  4
   f - Iskenderun's Battlesphere      Conjuration/Charms           5
 x - a book of Dreams

   Spells                             Type                      Level
   a - Ensorcelled Hibernation        Hexes/Ice                    2
   b - Silence                        Hexes/Air                    5
   c - Darkness                       Hexes                        6
   d - Shadow Creatures               Summoning                    6
 B - a book of Spatial Translocations

   Spells                             Type                      Level
   a - Apportation                    Translocation                1
   b - Blink                          Translocation                2
   c - Shroud of Golubria             Charms/Translocation         2
   d - Portal Projectile              Translocation                3
   e - Teleport Other                 Translocation                3
   f - Passage of Golubria            Translocation                4
Miscellaneous
 J - a plain deck of changes
Comestibles
 g - 8 bread rations
 j - 3 beef jerkies
 u - 26 fruits
 v - 6 meat rations
 O - a slice of pizza


   Skills:
 - Level 10.0 Fighting
 * Level 1.3 Axes
   Level 1.0 Bows
 - Level 3.0 Crossbows
 - Level 2.1 Armour
 * Level 10.3 Dodging
 - Level 10.2 Stealth
 - Level 4.9 Shields
 * Level 6.7 Invocations


You had 6 spell levels left.
You knew the following spells:

 Your Spells              Type           Power        Failure   Level  Hunger
a - Apportation           Tloc           #.........   54%         1    ##.....
b - Blink                 Tloc           N/A          78%         2    ###....
c - Shroud of Golubria    Chrm/Tloc      #.........   78%         2    ###....


Dungeon Overview and Level Annotations

Branches:
Dungeon (13/15)            Temple (0/1) D:5            Lair (0/8) D:9
    Orc (0/2) D:11
 Vaults: D:13-14

Altars:
Ashenzari
Dithmenos
Fedhas
Gozag
Okawaru
Pakellas
Ru
Sif Muna

Shops:
D:5 [   D:10 %

Annotations:
D:9 Goblin1989's ghost, novice HOGl


Innate Abilities, Weirdness & Mutations

You are resistant to torment.
Your stone body is resilient (AC +8).
You are immune to poison.
You resist negative energy.
You are resistant to electric shocks.
You can survive without breathing.
You are immune to petrification.
You are immune to rotting.
You can translocate small distances at will.


Message History

The frost giant is severely wounded.
The frost giant casts a spell at you. The bolt of cold misses you.
A hill giant comes into view. It is wielding a giant club.
The hill giant shouts!
You hit the frost giant but do no damage.
There is a sudden explosion of sparks!
The frost giant is severely wounded.
The frost giant hits you with a battleaxe of freezing!!
* * * LOW HITPOINT WARNING * * *
You emit a cloud of dark smoke.
The frost giant freezes you!
* * * LOW HITPOINT WARNING * * *
You hit the frost giant.
The frost giant is almost dead.
The frost giant completely misses you.
You puncture the frost giant!
The frost giant is almost dead.
The frost giant casts a spell at you. The bolt of cold hits you! You resist.
You die...

.... #..###
...... #####..#
#§@C...#########
#§###............
#§###....#.#.#.#.
#......#.........
#####...##.......
#...#$# #....#..#
#.#..#s#..#
###....##. ..#


You could see a frost giant.

Vanquished Creatures
  Maud (D:13)
  A minotaur (Lab)
  Erica (D:8)
  Sonja (D:11)
  2 hill giants
  A harpy (D:13)
  2 cyclopes
  A yaktaur (D:13)
  2 trolls
  3 two-headed ogres
  A vampire (D:10)
  12 yaks
  A hippogriff (D:11)
  A soldier ant (D:11)
  2 sky beasts
  2 ice beasts
  7 orc warriors
  A phantom (D:4)
  A wasp (D:11)
  2 ogres (D:4)
  A necrophage (D:11)
  7 centaurs
  5 big kobolds
  3 giant frogs
  A gnoll sergeant (D:11)
  A water moccasin skeleton (D:11)
  5 scorpions
  3 killer bees (D:10)
  4 wights (D:10)
  3 crimson imps
  2 centaur skeletons
  3 jellies
  8 orc priests
  A giant frog skeleton (D:5)
  5 hounds
  11 orc wizards
  5 iguanas
  4 worker ants
  A hound zombie (D:5)
  2 hound skeletons
  A howler monkey zombie (D:8)
  2 worker ant zombies
  11 gnolls
  A howler monkey skeleton (D:10)
  8 river rats
  17 adders
  2 oozes
  An adder skeleton (D:9)
  5 worms
  3 dart slugs
  5 giant geckos
  29 orcs
  8 bats
  8 giant cockroaches
  28 goblins
  33 hobgoblins
  7 jackals
  25 kobolds
  5 quokkas
  6 ball pythons
  A giant cockroach zombie (D:5)
  7 giant newts
  A jackal zombie (D:6)
  A quokka zombie (D:7)
  26 rats
361 creatures vanquished.

Vanquished Creatures (collateral kills)
  A wight (D:10)
1 creature vanquished.

Grand Total: 362 creatures vanquished

Notes
Turn   | Place    | Note
--------------------------------------------------------------
     0 | D:1      | Chiseanne the Gargoyle Wanderer began the quest for the Orb.
     0 | D:1      | Chiseanne set off with: a +2 hand crossbow, 21 bolts, a +0 mace, a potion of curing, a +0 robe, a +0 dagger, a bread ration
     0 | D:1      | Reached XP level 1. HP: 12/12 MP: 1/1
    37 | D:1      | Reached XP level 2. HP: 18/18 MP: 2/2
   132 | D:1      | Reached skill level 1 in Dodging
   618 | D:1      | Reached XP level 3. HP: 23/23 MP: 3/3
  1317 | D:2      | Reached XP level 4. HP: 25/29 MP: 4/4
  1560 | D:2      | Found a shadowy altar of Dithmenos.
  1757 | D:2      | Became a worshipper of Dithmenos the Shadowed
  2531 | D:4      | Noticed a phantom
  2563 | D:4      | Killed a phantom
  2563 | D:4      | Reached skill level 5 in Fighting
  2563 | D:4      | Reached XP level 5. HP: 33/36 MP: 5/5
  2661 | D:4      | Reached XP level 6. HP: 40/42 MP: 6/6
  2758 | D:4      | You fall through a shaft for 2 floors!
  2813 | D:6      | Reached skill level 1 in Shields
  2887 | D:6      | Reached * piety under Dithmenos
  2918 | D:6      | Noticed an orc warrior
  3059 | D:6      | Reached XP level 7. HP: 29/48 MP: 7/7
  3119 | D:6      | Gained mutation: You can translocate small distances at will. [potion of beneficial mutation]
  3343 | D:6      | Found a glowing drain.
  3347 | Sewer    | Entered a sewer
  3390 | Sewer    | Reached ** piety under Dithmenos
  3554 | Sewer    | Reached XP level 8. HP: 53/54 MP: 8/8
  3844 | D:5      | Entered Level 5 of the Dungeon
  3861 | D:5      | Found Ylaejepe's Antique Armour Boutique.
  3865 | D:5      | Bought a pair of glowing boots for 135 gold pieces
  3886 | D:5      | Found a sacrificial altar of Ru.
  4027 | D:5      | Found a staircase to the Ecumenical Temple.
  4172 | D:5      | Reached *** piety under Dithmenos
  5223 | D:4      | Reached **** piety under Dithmenos
  5555 | D:4      | Found a shadowy altar of Dithmenos.
  5748 | D:4      | Reached XP level 9. HP: 61/61 MP: 9/9
  6376 | D:6      | Reached skill level 5 in Dodging
  6571 | D:7      | Reached skill level 10 in Fighting
  7030 | D:5      | Bought a topaz-encrusted ring mail for 270 gold pieces
  7041 | D:5      | Identified the +3 ring mail of Eniynt {Str+3 Dex+4} (You bought it in a shop on level 5 of the Dungeon)
  7361 | D:8      | Reached ***** piety under Dithmenos
  7847 | D:8      | Noticed Erica
  7890 | D:8      | Killed Erica
  7896 | D:8      | Reached XP level 10. HP: 68/68 MP: 10/10
  8286 | D:8      | Found a blossoming altar of Fedhas.
  8486 | D:9      | Noticed Goblin1989's ghost (novice HOGl)
  8529 | D:9      | Found a staircase to the Lair.
  8817 | D:9      | Noticed a cyclops
  8840 | D:9      | Killed a cyclops
  8863 | D:9      | Found a shattered altar of Ashenzari.
  9022 | D:9      | Found an iron altar of Okawaru.
  9022 | D:9      | Found an opulent altar of Gozag.
  9025 | D:9      | Found a deep blue altar of Sif Muna.
  9038 | D:9      | Found an oddly glowing altar of Pakellas.
  9156 | D:10     | Entered Level 10 of the Dungeon
  9567 | D:10     | Noticed a hill giant
  9575 | D:10     | Killed a hill giant
  9575 | D:10     | Reached XP level 11. HP: 60/72 MP: 11/11
  9612 | D:10     | Found Worastregg's Food Emporium.
  9621 | D:10     | Reached skill level 10 in Stealth
  9840 | D:10     | Got an opalescent robe
  9865 | D:10     | Found a sacrificial altar of Ru.
 10182 | D:10     | Identified the +1 robe of the Eternal Void {+Inv MP-9 Int+3} (You found it on level 10 of the Dungeon)
 10218 | D:11     | Reached skill level 1 in Invocations
 10285 | D:11     | Found a staircase to the Orcish Mines.
 10302 | D:11     | Noticed a hill giant
 10317 | D:11     | Killed a hill giant
 10326 | D:11     | Found a labyrinth entrance.
 10361 | Lab      | Entered a labyrinth
 10685 | Lab      | Noticed a minotaur
 10690 | Lab      | Killed a minotaur
 10963 | D:11     | Found a flagged portal.
 10991 | D:11     | Learned a level 1 spell: Apportation
 10994 | D:11     | Learned a level 2 spell: Blink
 10997 | D:11     | Learned a level 2 spell: Shroud of Golubria
 11538 | D:11     | Noticed Sonja
 11550 | D:11     | Killed Sonja
 11550 | D:11     | Reached skill level 5 in Invocations
 12249 | D:12     | Noticed a cyclops
 12260 | D:12     | Killed a cyclops
 12260 | D:12     | Reached skill level 10 in Dodging
 12693 | D:13     | Noticed Maud
 12713 | D:13     | Killed Maud
 12991 | D:13     | Reached XP level 12. HP: 70/77 MP: 16/16
 13016 | D:13     | Noticed an orc warlord
 13017 | D:13     | Noticed a fire giant
 13021 | D:13     | Noticed a frost giant
 13024 | D:13     | Noticed a centaur warrior
 13025 | D:13     | Noticed a yaktaur captain
 13056 | D:13     | Reached skill level 1 in Axes
 13350 | D:13     | Killed from afar by a frost giant

Skill      XL: |  1  2  3  4  5  6  7  8  9 10 11 12 |
---------------+-------------------------------------+-----
Dodging        | 1 4 6 8 10 | 10.3
Fighting       | 3 4 5 6 7 9 10 | 10.0
Shields        | 2 4 |  4.9
Stealth        | 6 9 10 | 10.2
Invocations    | 6 |  6.7
Axes           | 1 |  1.3
Bows           | |  1.0
Crossbows      | |  3.0
Armour         | |  2.1

Action                   |  1- 3 |  4- 6 |  7- 9 | 10-12 || total
-------------------------+-------+-------+-------+-------++-------
Melee: Mace              |    93 |       |       |       ||    93
       Short sword       |    10 |    84 |   539 |   383 ||  1016
       Broad axe         |       |       |       |    10 ||    10
       Scimitar          |       |       |       |     5 ||     5
 Fire: Hand crossbow     |    17 |    39 |    27 |     5 ||    88
       Hunting sling     |       |     1 |       |       ||     1
       Blowgun           |       |       |    15 |    29 ||    44
Invok: Shadow Step       |       |       |       |     2 ||     2
  Use: Scroll            |     4 |     9 |     7 |     9 ||    29
       Potion            |       |       |     3 |     4 ||     7
 Stab: Sleeping          |       |     1 |     3 |    27 ||    31
       Distracted        |       |       |       |     3 ||     3
       Invisible         |       |       |       |     1 ||     1
  Eat: Chunk             |     1 |     6 |    16 |    15 ||    38
       Pizza             |       |       |       |     1 ||     1
       Beef jerky        |       |       |       |     1 ||     1
Armor: Ring mail         |    58 |    33 |   235 |   121 ||   447
       Robe              |     4 |       |       |       ||     4
       Skin              |       |       |     6 |     4 ||    10
Dodge: Dodged            |    78 |    37 |   375 |   290 ||   780
Block: Buckler           |       |     5 |   146 |    94 ||   245
